 Dungeon Crawl Stone Soup version 0.32-a0-391-gce5c0aab1b (webtiles) character file.

Game seed: 13276491811529398483

91555 Sobieck the Marksgoblin (level 16, -10/125 HPs)
             Began as a Coglin Hunter on Feb 19, 2024.
             Was the Champion of Okawaru.
             Killed from afar by a shock serpent (14 damage)
             ... with a bolt of electricity
             ... on level 1 of the Snake Pit.
             The game lasted 00:39:30 (21367 turns).

Sobieck the Marksgoblin (Coglin Hunter)            Turns: 21367, Time: 00:39:31

Health: -10/125    AC: 27    Str: 18    XL:     16   Next: 3%
Magic:  23/23      EV: 17    Int: 10    God:    Okawaru [******]
Gold:   1611       SH:  5    Dex: 24    Spells: 15/15 levels left

rFire   . . .        e - +5 hand cannon (drain) {Qiang}
rCold   + . .        q - +1 sling {Rabni}
rNeg    . . .        W - +7 Kryia's mail coat {god gift, PotionHeal*2 rC+}
rPois   .            O - +2 hat {SInv}
rElec   .            R - +2 cloak {Will+}
rCorr   .            L - +2 pair of gloves
SInv    +            o - +2 pair of boots
Will    ++...        X - amulet of reflection
Stlth   +            y - +4 ring of slaying
HPRegen 0.40/turn    u - +6 ring of strength
MPRegen 0.18/turn

%: reflection
@: lethally poisoned (-10 -> -12), studying Armour, revved, stiff-legged, very
slow
A: off-hand wielding, slow wielding, warmup strikes, warmup strides
a: Renounce Religion, Heroism, Finesse, Duel, Receive Weapon


You were on level 1 of the Snake Pit.
You worshipped Okawaru.
Okawaru was exalted by your worship.
You visited 4 branches of the dungeon, and saw 22 of its levels.
You also visited: Bailey.

You collected 2209 gold pieces.
You spent 598 gold pieces at shops.

Inventory:

Hand Weapons
 a - a +0 shortbow {Daeho}
 e - a +5 hand cannon of draining (weapon) {Qiang}
 q - a +1 sling (worn) {Rabni}
 s - a +0 sling {Hugo}
Missiles
 t - 9 boomerangs {god gift}
 v - 9 javelins {god gift}
 x - 6 silver javelins {god gift}
 J - 8 atropa-tipped darts {god gift}
 Z - a throwing net
Armour
 o - a +2 pair of boots (worn)
 L - a +2 pair of gloves (worn)
 O - a +2 hat of see invisible (worn)
 R - a +2 cloak of willpower (worn)
 W - the +7 Kryia's mail coat (worn) {god gift, PotionHeal*2 rC+}
   (Okawaru gifted it to you on level 2 of the Lair of Beasts)

   PotionHeal*2: Potions heal its wearer twice as much.
   rC+:       It protects you from cold.
Magical Staves
 K - a staff of death
Jewellery
 c - a ring of flight
 m - a +4 ring of protection
 u - a +6 ring of strength (right grasper)
 y - a +4 ring of slaying (left grasper)
 z - a ring of magical power
 B - a +5 ring of evasion
 X - an amulet of reflection (around neck)
Wands
 D - a wand of digging (8)
 I - a wand of iceblast (8)
 N - a wand of mindburst (12)
 P - a wand of paralysis (8)
 V - a wand of flame (40)
Scrolls
 b - a scroll of butterflies
 f - 2 scrolls of poison
 g - a scroll of silence {!r}
 k - 3 scrolls of vulnerability
 l - a scroll of noise
 n - 7 scrolls of fear
 A - 2 scrolls of fog
 G - a scroll of enchant armour
 T - 5 scrolls of teleportation
Potions
 d - 7 potions of might
 h - 2 potions of resistance
 i - 8 potions of mutation
 p - 5 potions of ambrosia
 r - 6 potions of berserk rage
 w - 2 potions of attraction
 C - a potion of cancellation
 E - 2 potions of brilliance
 F - 2 potions of magic
 H - 5 potions of haste
 Q - 4 potions of curing
 S - 2 potions of enlightenment
 Y - a potion of lignification
Miscellaneous
 U - a phial of floods


   Skills:
 + Level 11.2 Fighting
 + Level 16.8 Ranged Weapons
 - Level 8.0 Armour
 + Level 10.2 Dodging
 - Level 0.7 Stealth
 + Level 9.7 Invocations
 - Level 12.0 Evocations


You had 15 spell levels left.
You didn't know any spells.
Your spell library contained the following spells:

 Spells                   Type           Power      Damage    Failure   Level
 Cigotuvi's Dreadful Rot  Necr/Alch/Air  0%         N/A       83%         2
 Jinxbite                 Hex            0%         N/A       83%         2
 Fugue of the Fallen      Necr           0%         N/A       97%         3
 Gell's Gravitas          Tloc           0%         N/A       97%         3
 Ozocubu's Armour         Ice            0%         N/A       97%         3
 Teleport Other           Tloc           0%         N/A       97%         3
 Volatile Blastmotes      Fire/Tloc      0%         2d10      97%         3
 Cause Fear               Hex            0%         N/A       100%        4
 Dispel Undead            Necr           0%         3d6       100%        4
 Fulminant Prism          Conj/Alch      0%         3d5       100%        4
 Ignite Poison            Fire/Alch      0%         N/A       100%        4
 Iskenderun's Mystic Bla  Conj/Tloc      0%         2d3       100%        4
 Leda's Liquefaction      Alch/Erth      0%         N/A       100%        4
 Manifold Assault         Tloc           0%         N/A       100%        4
 Fireball                 Conj/Fire      0%         3d3       100%        5
 Freezing Cloud           Conj/Ice/Air   0%         6-21      100%        5
 Lee's Rapid Deconstruct  Erth           0%         3d4*      100%        5
 Yara's Violent Unravell  Hex/Alch       0%         3d3       100%        5
 Bombard                  Conj/Erth      0%         9d1       100%        6
 Dispersal                Tloc           0%         N/A       100%        6
 Enfeeble                 Hex            0%         N/A       100%        7
 Martyr's Knell           Necr/Summ      Unusable   N/A       N/A         4
 Death Channel            Necr           Unusable   N/A       N/A         6
 Dragon's Call            Summ           Unusable   N/A       N/A         9

Dungeon Overview and Level Annotations

Branches:
Dungeon (13/15)            Temple (0/1) D:6            Lair (5/5) D:10
 Shoals (0/4) Lair:2        Snake (2/4) Lair:2        Slime (0/5) Lair:4
    Orc (2/2) D:12            Elf (0/3) Orc:2        Bailey (visited)
 Vaults: D:13-14

Altars:
Dithmenos
Gozag
Hepliaklqana
Makhleb
Nemelex Xobeh
Okawaru
Sif Muna
Trog
Vehumet
Wu Jian
Yredelemnul
Zin
Beogh
Jiyva

Shops:
D:3 (   D:5 :   D:10 *   Orc:2 (:=[(**   Snake:1 :

Portals:
Hell: Lair:5
Trove: D:11 (give 6 scrolls of fear)

Annotations:
D:9 3 runed translucent doors, Dittersdorf's ghost, novice GrFi
D:10 2 transporters


Innate Abilities, Weirdness & Mutations

You can wield a second weapon in your off-hand.
It takes a long time for you to wield or remove held weapons.
Your first few attacks do less damage.
Your first movements take longer.


Message History

You feel very sick.
There is a stone staircase leading down here.
Unknown command.
Unknown command.
You are too injured to fight recklessly!
Unknown command.
You shoot a bolt. The bolt misses the shock serpent.
You shoot a sling bullet.
The sling bullet hits the shock serpent.
The shock serpent is moderately wounded.
You feel sick.
The shock serpent bites you but does no damage.
You shoot a bolt. The bolt hits the shock serpent.
The shock serpent is heavily wounded.
You shoot a sling bullet.
The sling bullet closely misses the shock serpent.
You feel sick. You block the shock serpent's attack.
The shock serpent bites you!
* * * LOW HITPOINT WARNING * * *
The shock serpent shocks you!
* * * LOW HITPOINT WARNING * * *
You shoot a bolt.
The bolt completely misses the shock serpent.
You shoot a sling bullet.
The sling bullet hits the shock serpent!
The shock serpent is severely wounded.
The shock serpent's electric aura discharges, shocking you!
* * * LOW HITPOINT WARNING * * *
You feel sick. The shock serpent barely misses you.
You shoot a sling bullet.
The sling bullet misses the shock serpent.
You shoot a bolt.
The bolt hits the shock serpent but does no damage.
You drain the shock serpent.
The shock serpent is severely wounded.
You feel sick. The shock serpent bites you.
* * * LOW HITPOINT WARNING * * *
The shock serpent shocks you!
* * * LOW HITPOINT WARNING * * *
You block the shock serpent's attack.
Unknown command.
You shoot a bolt. The bolt hits the shock serpent!
You drain the shock serpent.
The shock serpent is almost dead.
You shoot a sling bullet.
The sling bullet closely misses the shock serpent.
You feel sick.
The shock serpent shoots out a bolt of lightning at you!
The bolt of electricity hits you!
* * * LOW HITPOINT WARNING * * *
The bolt of electricity hits you!
You die...

#....# ####.## #...#
#...# #...# #####
##...# #...####
###....###
#.☼☼...####......#..
#..@S...............
##.○...###..........
##....####..._....##
#...............#.#
###########.....#.##
##...##.#. ##.......
##..#.....
#..##...÷.


You could see a shock serpent (drained).

Vanquished Creatures
  Gastronok (Orc:1)
  2 orc warlords (Orc:2)
  Snorg (D:12)
  8 hydras
  3 catoblepae (Lair:5)
  5 two-headed ogres
  A boulder beetle (D:11)
  An occultist (Lair:5)
  A naga warrior (Snake:1)
  A naga sharpshooter (Snake:1)
  3 orc high priests
  A shock serpent (Snake:1)
  5 skeletal warriors
  A sixfirhy (Lair:5)
  4 mana vipers
  A naga ritualist (Snake:1)
  4 lindwurms
  A harpy (Lair:2)
  5 orc knights
  3 orc sorcerers
  A manticore (D:12)
  3 cyclopes
  An ugly thing (D:12)
  2 salamanders
  18 black mambas
  A kobold blastminer (Orc:2)
  3 naga magi
  14 elephants
  4 gargoyles
  3 orange demons (Lair:5)
  A smoke demon (Lair:5)
  2 torpor snails
  16 cane toads
  An unseen horror (D:12)
  A red devil (Lair:5)
  18 komodo dragons
  8 rime drakes
  An ice devil (Lair:5)
  9 trolls
  A hornet (D:9)
  A polar bear (Lair:4)
  19 blink frogs
  2 dream sheep
  A shadow (D:11)
  5 wyverns
  74 yaks
  3 basilisks
  2 wraiths
  A steam dragon (Lair:4)
  3 wargs (Orc:2)
  3 vampire mosquitoes (D:12)
  A redback simulacrum (D:13)
  15 nagas
  14 water moccasins
  An acid dragon (D:8)
  4 hell hounds (Lair:5)
  32 orc warriors
  6 black bears (Lair:1)
  7 ogres
  24 wolves
  A sky beast (D:8)
  6 centaurs
  2 phantoms
  2 kobold brigands
  A weeping skull (D:5)
  5 scorpions
  11 bullfrogs
  A gnoll sergeant (D:9)
  14 wights
  9 killer bees (D:9)
  3 howler monkeys
  A bombardier beetle (D:5)
  3 electric eels
  18 orc priests
  2 hounds
  6 jellies
  A gnoll bouda (D:6)
  3 iguanas
  20 orc wizards
  Robin (D:5)
  4 adders
  7 gnolls
  2 white imps
  2 ufetubi (D:6)
  2 dart slugs
  4 ribbon worms
  76 orcs
  3 ball pythons
  7 endoplasms
  5 giant cockroaches
  9 goblins
  14 hobgoblins
  6 jackals (D:1)
  2 quokkas
  4 bats
  4 frilled lizards
  14 kobolds
  6 rats
  A spectral orc (D:5)
660 creatures vanquished.

Vanquished Creatures (others)
  An orc (Orc:1)
1 creature vanquished.

Grand Total: 661 creatures vanquished

Notes
Turn   | Place    | Note
-------+----------+-------------------------------------------
     0 | D:1      | Sobieck the Coglin Hunter began the quest for the Orb.
     0 | D:1      | Reached XP level 1. HP: 16/16 MP: 1/1
    21 | D:1      | Reached skill level 4 in Ranged Weapons
    21 | D:1      | Reached XP level 2. HP: 18/22 MP: 2/2
   295 | D:1      | Reached XP level 3. HP: 27/27 MP: 3/3
   923 | D:2      | You fall into a shaft and drop 1 floor!
   930 | D:3      | Reached skill level 5 in Ranged Weapons
   948 | D:3      | Reached XP level 4. HP: 33/33 MP: 4/4
  1634 | D:3      | Found Xedimeghu's Weapon Shop.
  1637 | D:3      | Bought a +0 sling for 15 gold pieces
  1859 | D:3      | Found an iron altar of Okawaru.
  1941 | D:3      | Became a worshipper of Warmaster Okawaru
  2165 | D:4      | Reached XP level 5. HP: 38/38 MP: 5/5
  2200 | D:4      | Reached skill level 6 in Ranged Weapons
  2395 | D:4      | Noticed Robin
  2440 | D:5      | Entered Level 5 of the Dungeon
  2527 | D:5      | Noticed a phantom
  2536 | D:5      | Killed a phantom
  2537 | D:5      | Reached XP level 6. HP: 39/44 MP: 6/6
  2666 | D:5      | Reached * piety under Okawaru
  2667 | D:5      | Reached skill level 7 in Ranged Weapons
  2764 | D:5      | Killed Robin
  3219 | D:4      | Found a glowing silver altar of Zin.
  3306 | D:4      | Reached XP level 7. HP: 50/50 MP: 7/7
  3390 | D:5      | Found a basalt altar of Yredelemnul.
  3401 | D:5      | Reached skill level 1 in Invocations
  3999 | D:5      | Found Kofoab's Book Shoppe.
  4040 | D:5      | Found a shimmering blue altar of Sif Muna.
  4046 | D:5      | Reached ** piety under Okawaru
  4185 | D:6      | Reached skill level 8 in Ranged Weapons
  4263 | D:6      | Found a staircase to the Ecumenical Temple.
  4433 | D:6      | Reached XP level 8. HP: 56/56 MP: 8/10
  4636 | D:5      | Identified a scroll of acquirement
  4636 | D:5      | Acquired a +2 hand cannon of draining
  4758 | D:6      | Reached skill level 3 in Invocations
  4988 | D:6      | Reached skill level 9 in Ranged Weapons
  5125 | D:6      | Acquired a manual of Armour
  5190 | D:7      | Noticed a wyvern
  5193 | D:7      | Killed a wyvern
  5193 | D:7      | Reached *** piety under Okawaru
  5200 | D:7      | Reached skill level 10 in Ranged Weapons
  5238 | D:7      | Reached XP level 9. HP: 61/61 MP: 11/11
  5300 | D:7      | Reached skill level 11 in Ranged Weapons
  5366 | D:7      | Found a radiant altar of Vehumet.
  5461 | D:7      | Found a burning altar of Makhleb.
  5714 | D:8      | Reached **** piety under Okawaru
  5744 | D:8      | Reached skill level 12 in Ranged Weapons
  5837 | D:8      | Reached XP level 10. HP: 67/67 MP: 12/12
  6137 | D:9      | Found an ornate altar of the Wu Jian Council.
  6140 | D:9      | Reached skill level 13 in Ranged Weapons
  6233 | D:9      | Reached ***** piety under Okawaru
  6341 | D:9      | Found a runed translucent gate.
  6341 | D:9      | Found a runed translucent gate.
  6342 | D:9      | Found a runed translucent gate.
  6343 | D:9      | Noticed Dittersdorf's ghost (novice GrFi)
  6454 | D:9      | Received a gift from Okawaru
  6759 | D:9      | Reached skill level 14 in Ranged Weapons
  6763 | D:9      | Reached skill level 1 in Armour
  6763 | D:9      | Reached skill level 1 in Evocations
  6774 | D:9      | Found a bloodstained altar of Trog.
  6814 | D:9      | Found a sparkling altar of Nemelex Xobeh.
  7453 | D:10     | Entered Level 10 of the Dungeon
  7566 | D:10     | Noticed an elephant
  7576 | D:10     | Reached skill level 3 in Fighting
  7576 | D:10     | Reached XP level 11. HP: 75/75 MP: 13/13
  7582 | D:10     | Reached skill level 3 in Armour
  7582 | D:10     | Reached skill level 3 in Evocations
  7585 | D:10     | Reached skill level 3 in Dodging
  7592 | D:10     | Received a gift from Okawaru
  7608 | D:10     | Found a flagged portal.
  7617 | Bailey   | Entered a bailey
  7713 | Bailey   | Noticed an orc knight
  7751 | Bailey   | Killed an orc knight
  7878 | D:10     | Found a staircase to the Lair.
  7909 | D:10     | Found a shadowy altar of Dithmenos.
  7929 | D:10     | Noticed a two-headed ogre
  7933 | D:10     | Killed a two-headed ogre
  7975 | D:10     | Found a transporter.
  7977 | D:10     | Found a transporter.
  7997 | D:10     | Found a transporter.
  8051 | D:10     | Found a transporter.
  8119 | D:10     | Found Qiseas's Assorted Antiques.
  8120 | D:10     | Found an opulent altar of Gozag.
  8127 | D:10     | Bought 2 inky potions for 57 gold pieces
  8127 | D:10     | Bought a scroll of identify for 64 gold pieces
  8127 | D:10     | Bought a fuming emerald potion for 28 gold pieces
  8529 | D:10     | Received a gift from Okawaru
  8602 | D:11     | Noticed a cyclops
  8606 | D:11     | Killed a cyclops
  8681 | D:11     | Reached XP level 12. HP: 85/86 MP: 15/15
  8756 | D:11     | Reached skill level 6 in Evocations
  8810 | D:11     | Noticed a boulder beetle
  8819 | D:11     | Killed a boulder beetle
  8832 | D:11     | Found a portal to a secret trove of treasure.
  9043 | D:12     | Received a gift from Okawaru
  9306 | D:12     | Found a staircase to the Orcish Mines.
  9316 | D:12     | Noticed a two-headed ogre
  9322 | D:12     | Killed a two-headed ogre
  9387 | D:12     | Noticed Snorg
  9394 | D:12     | Killed Snorg
  9395 | D:12     | Reached skill level 6 in Fighting
  9480 | D:12     | Received a gift from Okawaru
  9924 | D:12     | Reached skill level 15 in Ranged Weapons
  9924 | D:12     | Reached skill level 6 in Dodging
  9924 | D:12     | Reached skill level 6 in Invocations
 10414 | D:13     | Noticed a centaur warrior
 10595 | Lair:1   | Entered Level 1 of the Lair of Beasts
 10618 | D:10     | Received a gift from Okawaru
 10619 | D:10     | Reached XP level 13. HP: 62/95 MP: 17/17
 10836 | Lair:1   | Reached skill level 9 in Evocations
 11184 | Lair:1   | Received a gift from Okawaru
 11667 | Lair:2   | Found a staircase to the Shoals.
 11709 | Lair:2   | Reached ****** piety under Okawaru
 11710 | Lair:2   | Acquired the +7 Kryia's mail coat {god gift, PotionHeal*2
                  | rC+}
 11710 | Lair:2   | Received a gift from Okawaru
 11710 | Lair:2   | Found the +7 Kryia's mail coat {god gift, PotionHeal*2 rC+}
 11758 | Lair:2   | Received a gift from Okawaru
 12333 | Lair:2   | Found a staircase to the Snake Pit.
 12519 | Lair:2   | Found a hazy altar of Hepliaklqana.
 13040 | Lair:3   | Received a gift from Okawaru
 13147 | Lair:3   | Reached skill level 6 in Armour
 13281 | Lair:3   | Reached XP level 14. HP: 93/106 MP: 19/19
 14085 | Lair:4   | HP: 4/106 [komodo dragon (13)]
 14352 | Lair:4   | Found a staircase to the Slime Pits.
 14352 | Lair:4   | Found a viscous altar of Jiyva.
 14474 | Lair:4   | Received a gift from Okawaru
 14709 | Lair:4   | Identified the +0 scale mail "Aguwk" {rF++ rC+}
 15170 | Lair:4   | You fall into a shaft and drop 1 floor!
 15170 | Lair:5   | Entered Level 5 of the Lair of Beasts
 15190 | Lair:5   | Reached skill level 9 in Fighting
 15360 | Lair:5   | Received a gift from Okawaru
 15408 | Lair:5   | Reached skill level 16 in Ranged Weapons
 15852 | Lair:5   | Reached XP level 15. HP: 73/114 MP: 21/21
 16310 | Lair:5   | Reached skill level 12 in Evocations
 16325 | Lair:5   | Found a burning altar of Makhleb.
 16335 | Lair:5   | Reached skill level 9 in Dodging
 16340 | Lair:5   | Received a gift from Okawaru
 17026 | Lair:5   | Found a gateway to Hell.
 17344 | Orc:1    | Entered Level 1 of the Orcish Mines
 17348 | Orc:1    | Noticed Gastronok
 17486 | Orc:1    | Killed Gastronok
 17710 | Orc:1    | Found a roughly hewn altar of Beogh.
 17850 | Orc:2    | Entered Level 2 of the Orcish Mines
 18042 | Orc:1    | Noticed an orc warlord
 18055 | Orc:2    | Reached skill level 9 in Invocations
 18197 | Orc:2    | Found Ytadotz's Antique Weapon Shop.
 18211 | Orc:2    | Received a gift from Okawaru
 18270 | Orc:2    | Killed an orc warlord
 18819 | Orc:2    | Noticed an orc warlord
 18827 | Orc:2    | Killed an orc warlord
 18864 | Orc:2    | Found Xoitex's Weapon Shop.
 18898 | Orc:2    | Found Toomed's General Store.
 18967 | Orc:2    | Found Vupnan's Gadget Gallery.
 18994 | Orc:2    | Found Vianiu's Jewellery Emporium.
 19054 | Orc:2    | Found a staircase to the Elven Halls.
 19067 | Orc:2    | Found Denguof's Book Shoppe.
 19186 | Orc:2    | Found Tebe's Antique Armour Emporium.
 19194 | Orc:2    | Bought a glowing cloak for 217 gold pieces
 19201 | Orc:2    | Bought a pair of embroidered gloves for 217 gold pieces
 19578 | Snake:1  | Entered Level 1 of the Snake Pit
 20216 | Snake:1  | HP: 1/117 [poisoned by a naga ritualist (toxic radiance)]
 20226 | Snake:1  | HP: 5/117 [poisoned by a naga ritualist (splash of poison)]
 20232 | Snake:1  | HP: 3/117 [poisoned by a naga ritualist (splash of poison)]
 20295 | Snake:1  | Received a gift from Okawaru
 20851 | Snake:1  | Found Raid's Self-Published Books.
 20919 | Snake:1  | Found a shimmering blue altar of Sif Muna.
 21340 | Snake:2  | Reached XP level 16. HP: 125/125 MP: 23/23
 21367 | Snake:1  | HP: 4/125 [shock serpent/bolt of electricity (14)]
 21367 | Snake:1  | Killed from afar by a shock serpent

Illustrated notes

Levels and vault maps discovered:
D:1:      elethiomel_arrival_quiet, layout_loops_ring, dk_noncrumbling_3,
          minmay_misc_feat_more_columns, eino_curves_01,
          minmay_misc_feat_pillars, minmay_misc_feat_iff
D:2:      layout_basic
D:3:      layout_rooms, lemuel_round_altar, serial_shops,
          nicolae_shop_tiny_real_fake_doors, dreamdust_mushroom_princess
D:4:      layout_cave_pods, mainiacjoe_overflow_alcove_1, uniq_robin
D:5:      layout_rooms, yredelemnul_forgotten_temple_becter,
          hellmonk_sif_muna_bookshelves, cheibrodos_sewer_entry_bend,
          serial_shops, nicolae_shop_tiny_waterfront, kennysheep_generic_room_12
D:6:      layout_basic, minmay_temple_entry_junction
D:7:      layout_rooms, mainiacjoe_overflow_brackets, mainiacjoe_overflow_paths
D:8:      layout_basic, kennysheep_generic_room_7
D:9:      layout_basic, nicolae_wu_jian_wuxing_cycle,
          mainiacjoe_overflow_catch_the_wave, gammafunk_ghost_spectres
D:10:     layout_roguey, kennysheep_little_box, mainiacjoe_overflow_catwalk,
          grunt_lair_entry_orc_guard_hut, serial_shops, shop, enter_bailey_2,
          nicolae_diode_intersection
D:11:     layout_cave_pools, enter_trove_0
D:12:     layout_gridville, orc_0_dummy, dk_vineyard_1, uniq_snorg
D:13:     layout_loops_ring, serial_ice, serial_ice_o, serial_ice_g,
          serial_ice_i, serial_ice_e, serial_ice_m, serial_ice_n, serial_ice_f,
          portal_ice_cave_entry_pillars_2, gauntlet_entry_generic
Lair:1:   layout_layer_cave, beast_lair_carwin_6
Lair:2:   layout_small_grid, nicolae_shoals_entry_roost,
          alex1729_snake_entry_snake, basic_altar,
          chequers_serial_rivers_small_3, serial_bayou_shore_a,
          lemuel_fruit_tree
Lair:3:   layout_concentric_octagons, nicolae_lair_lindhole
Lair:4:   nzn_winding_woodlands_cross [nzn_winding_woodlands_5x15_garden,
          nzn_winding_woodlands_5x15_default,
          nzn_winding_woodlands_5x15_default, nzn_winding_woodlands_5x15_zeroes,
          nzn_winding_woodlands_15x15_five_gardens], layout_cave_pods,
          nicolae_slime_entry_slimehenge, infiniplex_staircase_pool_2
Lair:5:   evil_forest, layout_gridlike, amcnicky_mini_pool_medium
Snake:1:  layout_misc_corridors, basic_altar, nicolae_custom_books,
          serial_bayou_pond_d
Snake:2:  layout_grid_shapes, uniq_asterion
Orc:1:    layout_caves, nicolae_orc_seminary, uniq_gastronok
Orc:2:    grunt_orc_gardens, layout_caves, grunt_orc_garden, grunt_orc_garden,
          grunt_orc_garden, grunt_orc_garden, serial_shops,
          nicolae_shop_bloodbath_and_beyond, shop, nicolae_shop_gadgets

Skill      XL: |  1  2  3  4  5  6  7  8  9 10 11 12 13 14 15 |
---------------+----------------------------------------------+-----
Ranged Weapons | 4 5 6 7 8 10 12 14 15 16 | 16.8
Invocations    | 2 3 4 6 7 8 9 |  9.7
Armour         | 2 5 6 8 |  8.0
Dodging        | 2 4 6 7 8 10 | 10.2
Evocations     | 2 5 8 10 11 12 | 12.0
Fighting       | 3 5 6 8 9 11 | 11.2
Stealth        | |  0.7

Action                     |  1- 3 |  4- 6 |  7- 9 | 10-12 | 13-15 | 16-18 || total
---------------------------+-------+-------+-------+-------+-------+-------++-------
  Melee: Sling             |       |       |       |     4 |       |       ||     4
         Hand cannon       |       |       |       |     4 |       |       ||     4
   Fire: Shortbow          |    85 |    51 |       |       |       |       ||   136
         Sling             |       |   210 |   283 |   382 |   928 |    20 ||  1823
         Hand cannon       |       |       |   105 |   382 |   928 |    20 ||  1435
 Invoke: Heroism           |       |       |     1 |     6 |     8 |       ||    15
         Receive Armour    |       |       |       |       |     1 |       ||     1
         Finesse           |       |       |       |       |     1 |       ||     1
    Use: Scroll            |       |       |    22 |     7 |    13 |       ||    42
         Potion            |       |       |       |     1 |     8 |       ||     9
 Armour: Leather armour    |    14 |    59 |    22 |     8 |       |       ||   103
         Troll leather arm |       |       |       |   128 |    58 |       ||   186
         Scale mail        |       |       |       |       |   383 |    12 ||   395
  Dodge: Dodged            |    27 |    47 |    19 |    98 |   510 |     7 ||   708
  Block: Other             |       |       |       |       |   106 |     2 ||   108
         Reflection        |       |       |       |       |     7 |       ||     7

Table legend: (Time is in decaauts)
 A = Elapsed time spent in this place.
 B = Non-inter-level travel time spent in this place.
 C = Inter-level travel time spent in this place.
 D = Time resting spent in this place.
 E = Time spent auto-exploring this place.
 F = Levels seen in this place.
 G = Mean time per level.
                   A        B        C        D        E       F      G
               +--------+--------+--------+--------+--------+-----+--------+
         Total |  22129 |  20902 |   1227 |   3846 |  13048 |  23 |  962.1 |
       Dungeon |  11198 |  10442 |    756 |   1472 |   6934 |  13 |  861.4 |
          Lair |   7148 |   6802 |    346 |   1368 |   4375 |   5 | 1429.6 |
     Snake Pit |   1442 |   1424 |     18 |    568 |    661 |   2 |  721.0 |
  Orcish Mines |   2095 |   1989 |    106 |    437 |   1050 |   2 | 1047.5 |
        Bailey |    246 |    246 |      0 |      0 |     27 |   1 |  246.0 |
               +--------+--------+--------+--------+--------+-----+--------+

Top non-repeatable levels by time:
  Lair:4: 1892 daAuts
  Lair:2: 1633 daAuts
    D:12: 1530 daAuts
  Lair:5: 1488 daAuts
 Snake:1: 1417 daAuts
     D:9: 1402 daAuts
   Orc:2: 1397 daAuts
     D:5: 1320 daAuts
  Lair:3: 1248 daAuts
    D:10: 1053 daAuts
     D:4: 1021 daAuts
  Lair:1: 885 daAuts
     D:6: 844 daAuts
     D:2: 815 daAuts
    D:11: 765 daAuts
